 Dungeon Crawl Stone Soup version 0.27-b1-23-g44b8eac545 (webtiles) character file.

Game seed: 17811052022780073239

567 Crownlay the Chiller (level 7, -4/51 HPs)
             Began as a Gnoll Ice Elementalist on July 27, 2021.
             Slain by a sky beast (5 damage)
             ... on level 4 of the Dungeon.
             The game lasted 00:11:36 (4170 turns).

Crownlay the Chiller (Gnoll Ice Elementalist)       Turns: 4170, Time: 00:11:36

Health: -4/51      AC: 14    Str:  7    XL:     7   Next: 33%
Magic:  7/15       EV: 13    Int: 17    God:
Gold:   96         SH:  6    Dex: 12    Spells: 9/17 levels left

rFire    x . .     SeeInvis .   f - +1 whip (elec)
rCold    + . .     Faith    .   e - +2 buckler
rNeg     . . .     Spirit   .   a - +0 robe
rPois    .         Reflect  .   (no helmet)
rElec    .         Harm     .   j - +0 cloak
rCorr    .         Rampage  .   r - +0 pair of gloves
Will     .....                  n - +0 pair of boots
Stlth    +++.......             (no amulet)
HPRegen  0.17/turn              g - ring of ice
MPRegen  0.14/turn              (no ring)

@: ice-armoured, freezing walls
A: fangs 1, strong nose, distributed training
a: no special abilities


You were on level 4 of the Dungeon.
You visited 1 branch of the dungeon, and saw 4 of its levels.

You collected 96 gold pieces.

Inventory:

Hand Weapons
 c - a +0 dagger
 f - a +1 whip of electrocution (weapon)
 k - a +1 dagger of venom
Armour
 a - a +0 robe (worn)
 e - a +2 buckler (worn)
 j - a +0 cloak (worn)
 n - a +0 pair of boots (worn)
 r - a +0 pair of gloves (worn)
Magical Staves
 o - a staff of death
Jewellery
 b - an amulet of reflection
 g - a ring of ice (left hand)
Scrolls
 h - a scroll of immolation
Potions
 i - a potion of curing
 l - a potion of brilliance {unknown}


   Skills:
 + Level 2.4 Fighting
 + Level 2.4 Short Blades
 + Level 2.4 Long Blades
 + Level 2.4 Axes
 + Level 2.4 Maces & Flails
 + Level 2.4 Polearms
 + Level 2.4 Staves
 + Level 2.4 Slings
 + Level 2.4 Bows
 + Level 2.4 Crossbows
 + Level 2.4 Throwing
 + Level 2.4 Armour
 + Level 5.2 Dodging
 + Level 4.9 Stealth
 + Level 2.4 Shields
 + Level 2.4 Unarmed Combat
 + Level 5.6 Spellcasting
 + Level 2.0 Conjurations
 + Level 2.0 Hexes
 + Level 2.0 Summonings
 + Level 2.0 Necromancy
 + Level 2.0 Translocations
 + Level 2.0 Transmutations
 + Level 2.0 Fire Magic
 + Level 7.4 Ice Magic
 + Level 2.0 Air Magic
 + Level 2.0 Earth Magic
 + Level 2.0 Poison Magic
 + Level 2.7 Invocations
 + Level 2.4 Evocations


You had 9 spell levels left.
You knew the following spells:

 Your Spells              Type           Power      Damage    Failure   Level
a - Freeze                Ice            100%       1d11      1%          1
b - Frozen Ramparts       Ice            90%        1d11      2%          3
c - Ozocubu's Armour      Ice            45%        N/A       2%          3
d - Magic Dart            Conj           44%        1d5       8%          1

Your spell library contained the following spells:

 Spells                   Type           Power      Damage    Failure   Level
 Searing Ray              Conj           22%        3d3       11%         2
 Hailstorm                Conj/Ice       31%        3d8       24%         4
 Fulminant Prism          Conj/Hex       5%         3d7       58%         4


Dungeon Overview and Level Annotations

Branches:
Dungeon (4/15)
 Temple: D:4-7

Altars:
Dithmenos
Wu Jian


Innate Abilities, Weirdness & Mutations

You have very sharp teeth.
Your uncanny sense of smell can sniff out nearby items.
Your experience applies equally to all skills.


Message History

Uppercase [Y]es or [N]o only, please.
Your frozen ramparts will break if you move.
Continue?
You closely miss something. You block something's attack.
Your frozen ramparts will break if you move.
Continue?
You hit something but do no damage. Something hits you but does no damage.
Your frozen ramparts will break if you move.
Continue?
You miss something. Something hits you. Something shocks you.
Your frozen ramparts will break if you move.
Continue?
You closely miss something. Something hits you.
* * * LOW HITPOINT WARNING * * *
Something shocks you.
* * * LOW HITPOINT WARNING * * *
Your frozen ramparts will break if you move.
Continue?
The frozen ramparts melt away as you move.
Casting: Frozen Ramparts (dangerous; 2% risk of failure)
Confirm with . or Enter, or press ? or * to list all spells.
You can't see any susceptible monsters within range! (Use Z to cast anyway.) Unknown command.
Casting: Frozen Ramparts (dangerous; 2% risk of failure)
Confirm with . or Enter, or press ? or * to list all spells.
Casting: Frozen Ramparts (dangerous; 2% risk of failure)
Press: ? - help, Dir - look around, f - activate You feel a surge of power!
The walls around you are covered in ice.
The wall freezes something.
You block something's attack.
Casting: Frozen Ramparts (dangerous; 2% risk of failure)
Confirm with . or Enter, or press ? or * to list all spells.
You feel a surge of power! A film of ice covers your body!
The wall freezes something!
Something hits you but does no damage.
Your icy armour and frozen ramparts will break if you move.
Continue?
You closely miss something. Your bite misses something.
The wall freezes something!
Something hits you.
* * * LOW HITPOINT WARNING * * *
Something shocks you.
* * * LOW HITPOINT WARNING * * *
Your icy armour and frozen ramparts will break if you move.
Continue?
You closely miss something.
The wall freezes something.
Something hits you.
* * * LOW HITPOINT WARNING * * *
Something shocks you.
You die...

### ### ### .. ..# ..
..##.### . ......###
..#..... ############
#.#...###.#
≈≈≈≈≈≈≈≈≈#.####.#......)#
≈≈≈≈.≈≈≈≈'......#{)......
÷≈†≈≈≈≈≈≈#..###.@.#######
###########.# ##..#
...#.# #.# #)...# ...#.#
#.# #.##.#
...#.######.####..#.##
......................
####.######)........##
#.# #..)......### #.#
#............


There were no monsters in sight!

Vanquished Creatures
  The ghost of Dicemaster the Grasshopper, an amateur GnWr (D:4)
  A scorpion (D:4)
  A gnoll shaman (D:4)
  Crazy Yiuf (D:2)
  Terence (D:3)
  9 gnolls
  3 adders (D:2)
  An adder skeleton (D:4)
  2 worms
  5 orcs (D:4)
  5 ball pythons
  5 endoplasms
  4 giant cockroaches
  12 hobgoblins
  7 jackals
  4 quokkas
  5 bats
  4 frilled lizards
  11 goblins
  7 kobolds
  5 rats
94 creatures vanquished.

Notes
Turn   | Place    | Note
-------+----------+-------------------------------------------
     0 | D:1      | Crownlay the Gnoll Ice Elementalist began the quest for the
                  | Orb.
     0 | D:1      | Reached XP level 1. HP: 13/13 MP: 6/6
   246 | D:1      | Reached XP level 2. HP: 19/19 MP: 7/7
  1076 | D:1      | Reached XP level 3. HP: 25/25 MP: 7/9
  1080 | D:1      | Learned a level 3 spell: Frozen Ramparts
  1084 | D:1      | Learned a level 3 spell: Ozocubu's Armour
  1086 | D:1      | Learned a level 1 spell: Magic Dart
  1116 | D:1      | Reached skill level 5 in Spellcasting
  1488 | D:2      | Reached skill level 1 in Invocations
  1494 | D:2      | Reached skill level 1 in Fighting
  1494 | D:2      | Reached skill level 1 in Short Blades
  1494 | D:2      | Reached skill level 1 in Long Blades
  1494 | D:2      | Reached skill level 1 in Axes
  1494 | D:2      | Reached skill level 1 in Maces & Flails
  1494 | D:2      | Reached skill level 1 in Polearms
  1494 | D:2      | Reached skill level 1 in Staves
  1494 | D:2      | Reached skill level 1 in Slings
  1494 | D:2      | Reached skill level 1 in Bows
  1494 | D:2      | Reached skill level 1 in Crossbows
  1494 | D:2      | Reached skill level 1 in Throwing
  1494 | D:2      | Reached skill level 1 in Armour
  1494 | D:2      | Reached skill level 1 in Shields
  1494 | D:2      | Reached skill level 1 in Unarmed Combat
  1494 | D:2      | Reached skill level 1 in Evocations
  1494 | D:2      | Reached XP level 4. HP: 17/32 MP: 3/11
  1785 | D:2      | Reached skill level 1 in Conjurations
  1785 | D:2      | Reached skill level 1 in Hexes
  1785 | D:2      | Reached skill level 1 in Summonings
  1785 | D:2      | Reached skill level 1 in Necromancy
  1785 | D:2      | Reached skill level 1 in Translocations
  1785 | D:2      | Reached skill level 1 in Transmutations
  1785 | D:2      | Reached skill level 1 in Fire Magic
  1785 | D:2      | Reached skill level 1 in Air Magic
  1785 | D:2      | Reached skill level 1 in Earth Magic
  1785 | D:2      | Reached skill level 1 in Poison Magic
  2222 | D:2      | Found a faded altar of an unknown god.
  2289 | D:2      | Reached XP level 5. HP: 37/37 MP: 12/12
  2582 | D:2      | Found a runed translucent door.
  2583 | D:2      | Noticed Crazy Yiuf
  2756 | D:2      | Killed Crazy Yiuf
  2975 | D:3      | Noticed Terence
  2987 | D:3      | Killed Terence
  3043 | D:3      | Found a shadowy altar of Dithmenos.
  3440 | D:3      | Found an ornate altar of the Wu Jian Council.
  3719 | D:4      | Reached XP level 6. HP: 39/44 MP: 6/13
  3748 | D:4      | Found a runed translucent door.
  3752 | D:4      | Noticed Dicemaster's ghost (amateur GnWr)
  3856 | D:4      | Reached skill level 5 in Dodging
  3988 | D:4      | Found a runed translucent door.
  4001 | D:4      | Killed Dicemaster's ghost
  4002 | D:4      | Reached XP level 7. HP: 27/51 MP: 11/15
  4170 | D:4      | HP: 1/51 [something (2)]
  4170 | D:4      | Slain by a sky beast

Illustrated notes

Levels and vault maps discovered:
D:1:      dpeg_arrival_line_fractal, layout_basic, serial_curves,
          eino_curves_02, eino_curves_03, eino_curves_04, eino_curves_04,
          hangedman_decor_riveting
D:2:      layout_basic, hellmonk_ecumenical_altar_dog_temple,
          uniq_crazy_yiuf_cottage
D:3:      layout_basic, mainiacjoe_overflow_brackets, mainiacjoe_overflow_paths,
          uniq_terence
D:4:      layout_basic, ebering_ghost_sewer_f, cheibrodos_sewer_entry_bend,
          hangedman_abyss_or_decor_passed, minmay_fountain_box, st_stairs_5

Skill      XL: |  1  2  3  4  5  6 |
---------------+-------------------+-----
Spellcasting   | 5 |  5.6
Invocations    | 1 2 |  2.7
Fighting       | 1 2 |  2.4
Short Blades   | 1 2 |  2.4
Long Blades    | 1 2 |  2.4
Axes           | 1 2 |  2.4
Maces & Flails | 1 2 |  2.4
Polearms       | 1 2 |  2.4
Staves         | 1 2 |  2.4
Slings         | 1 2 |  2.4
Bows           | 1 2 |  2.4
Crossbows      | 1 2 |  2.4
Throwing       | 1 2 |  2.4
Armour         | 1 2 |  2.4
Shields        | 1 2 |  2.4
Unarmed Combat | 1 2 |  2.4
Evocations     | 1 2 |  2.4
Conjurations   | 1 2 |  2.0
Hexes          | 1 2 |  2.0
Summonings     | 1 2 |  2.0
Necromancy     | 1 2 |  2.0
Translocations | 1 2 |  2.0
Transmutations | 1 2 |  2.0
Fire Magic     | 1 2 |  2.0
Air Magic      | 1 2 |  2.0
Earth Magic    | 1 2 |  2.0
Poison Magic   | 1 2 |  2.0
Dodging        | 5 |  5.2
Stealth        | |  4.9
Ice Magic      | |  7.4

Action                   |  1- 3 |  4- 6 |  7- 9 || total
-------------------------+-------+-------+-------++-------
Melee: Club              |     3 |       |       ||     3
       Dagger            |    12 |    36 |       ||    48
       Whip              |    12 |    68 |    22 ||   102
       Bite              |     1 |     4 |     2 ||     7
 Cast: Freeze            |    22 |    12 |       ||    34
       Frozen Ramparts   |     1 |    10 |     3 ||    14
       Ozocubu's Armour  |     1 |     7 |     2 ||    10
       Magic Dart        |       |    32 |       ||    32
  Use: Scroll            |       |     6 |       ||     6
 Stab: Sleeping          |     4 |     7 |       ||    11
Armor: Robe              |     3 |    13 |    12 ||    28
Dodge: Dodged            |    23 |    80 |    18 ||   121
Block: Buckler           |     7 |    49 |     9 ||    65
